 Dungeon Crawl Stone Soup version 0.26.1-11-gd32895ea62 (webtiles) character file.

Game seed: 3624420637669047967

4913 Almogavar the Thaumaturge (level 10, -7/53 HPs)
             Began as a Deep Elf Conjurer on June 10, 2021.
             Was a Believer of Nemelex Xobeh.
             Hit by a large rock thrown by a cyclops (49 damage)
             ... on level 7 of the Dungeon on June 11, 2021.
             The game lasted 00:30:06 (9287 turns).

Almogavar the Thaumaturge (Deep Elf Conjurer)       Turns: 9287, Time: 00:30:07

Health: -7/53      AC:  5    Str:  4    XL:     10   Next: 27%
Magic:  19/28      EV: 14    Int: 27    God:    Nemelex Xobeh [**....]
Gold:   378        SH:  0    Dex: 13    Spells: 26/33 levels left

rFire    + . .     SeeInvis .   h - staff of fire
rCold    . . .     Faith    .   (no shield)
rNeg     . . .     Spirit   .   b - +2 robe {Will+}
rPois    .         Reflect  .   (no helmet)
rElec    .         Harm     .   r - +0 cloak
rCorr    .         Rampage  .   (no gloves)
Will     ++...                  (no boots)
Stlth    +++.......             (no amulet)
HPRegen  0.17/turn              (no ring)
MPRegen  0.21/turn              (no ring)

@: no status effects
A: no striking features
a: Renounce Religion, Draw Escape, Draw Destruction, Draw Summoning


You were on level 7 of the Dungeon.
You worshipped Nemelex Xobeh.
Nemelex Xobeh was pleased with you.
You visited 1 branch of the dungeon, and saw 7 of its levels.

You collected 378 gold pieces.

Inventory:

Hand Weapons
 d - a +4 dagger of venom
Armour
 b - a +2 robe of willpower (worn)
 r - a +0 cloak (worn)
Magical Staves
 h - an uncursed staff of fire (weapon)
Wands
 e - a wand of acid (8)
 t - a wand of flame (16)
 u - a wand of iceblast (9)
Scrolls
 a - a scroll of enchant armour {unknown}
 f - 2 scrolls of amnesia
 g - 7 scrolls of remove curse
 n - 2 scrolls of magic mapping {unknown}
 p - 2 scrolls of teleportation
 s - a scroll of enchant weapon
 v - a scroll of vulnerability {unknown}
Potions
 c - 5 potions of might
 i - 3 potions of cancellation {unknown}
 j - 3 potions of heal wounds {unknown}
 k - 2 potions of resistance {unknown}
 l - a potion of berserk rage {unknown}
 m - a potion of magic {unknown}
 o - 3 potions of flight {unknown}
 q - 2 potions of brilliance {unknown}


   Skills:
 + Level 1.6 Fighting
 + Level 5.1 Dodging
 + Level 5.8 Stealth
 + Level 12.3 Spellcasting
 + Level 10.9 Conjurations
 + Level 4.5 Translocations


You had 26 spell levels left.
You knew the following spells:

 Your Spells              Type           Power        Failure   Level
a - Magic Dart            Conj           100%         1%          1
b - Searing Ray           Conj           100%         1%          2
c - Iskenderun's Mystic   Conj/Tloc      55%          1%          4

Your spell library contained the following spells:

 Spells                   Type           Power        Failure   Level
 Dazzling Flash           Conj/Hex       92%          1%          3
 Stone Arrow              Conj/Erth      92%          1%          3
 Sandblast                Erth           32%          3%          1
 Fulminant Prism          Conj/Hex       23%          3%          4
 Passwall                 Tmut/Erth      13%          4%          2
 Petrify                  Tmut/Erth      16%          32%         4
 Lee's Rapid Deconstruct  Erth           8%           67%         5


Dungeon Overview and Level Annotations

Branches:
Dungeon (7/15)             Temple (0/1) D:6

Altars:
Cheibriados
Dithmenos
Elyvilon
Nemelex Xobeh
Trog
Uskayaw
Vehumet
Wu Jian
Zin
The Shining One

Shops:
D:5 *   D:6 :


Message History

You finish channeling your searing ray.
The troll bites you! The troll misses you. The troll claws you.
Casting: Searing Ray (safe; 1% risk of failure)
Confirm with . or Enter, or press ? or * to list all spells.
You erupt in a blast of force!
The mystic blast hits the troll!
You kill the troll!
You start resting.
A cyclops is nearby!
Casting: Iskenderun's Mystic Blast (dangerous; 1% risk of failure)
Confirm with . or Enter, or press ? or * to list all spells.
Aiming: Searing Ray (safe; 1% risk of failure)
Press: ? - help, Shift-Dir - straight line, f - cyclops
Aim: a cyclops, quivering 6 large rocks (2% to evade)
The searing ray hits the cyclops!
The cyclops is lightly wounded. (Press . to maintain the ray.)
The cyclops throws a large rock.
The large rock hits you!!!
Ouch! That really hurt!
You die...
Your body glows slightly and disappears.

.##...### C. ### #.#.# ....###
#T #..# #.#.# .#### #. #...##
#.#.# .# .# #† #..)## #.#.# )#
...# #. #...#######.#.#
.######...#. ##.......##...#
.##..####..)####†..#####.#.###
.##.#..####.C##...## ###.#.#
.##.###..####...@#####..##.#
.##...###..###†.####....##.#
.##.#...###..#####..######.#
.##.#.....###)##........##)#
.##.#...(#####.[##########.#
.##)#..####..###.......
#.######
.##)#####.##..####..###
#....... .#.####..#.#.#.##
#... #..#####
)#.##....###.##.######. #..# #


You could see a cyclops.

Vanquished Creatures
  A two-headed ogre (D:7)
  Pikel (D:7)
  A troll (D:7)
  A slime creature (D:7)
  A yak (D:7)
  Menkaure (D:7)
  Duvessa (D:7)
  An ice beast (D:7)
  A sky beast (D:6)
  2 orc warriors
  3 black bears
  3 phantoms
  3 ogres (D:7)
  2 centaurs
  4 lemures (D:7)
  Blork the orc (D:6)
  7 bullfrogs
  Dowan (D:7)
  A centaur zombie (D:7)
  4 howler monkeys
  2 hounds
  5 orc priests
  Crazy Yiuf (D:3)
  2 centaur skeletons (D:7)
  A gnoll shaman (D:4)
  An iguana (D:7)
  Natasha (thrice) (D:3)
  5 orc wizards
  4 worker ants
  Terence (D:3)
  2 hound skeletons
  A worker ant zombie (D:6)
  10 gnolls
  7 adders
  2 shadow imps (D:5)
  An ooze (D:1)
  An adder zombie (D:7)
  A worm (D:5)
  3 dart slugs
  3 leopard geckos
  27 orcs
  7 bats
  8 giant cockroaches
  7 goblins
  5 hobgoblins
  5 jackals
  7 kobolds
  3 quokkas
  3 ball pythons
  5 frilled lizards
  2 leopard gecko zombies (D:7)
  A quokka skeleton (D:7)
  11 rats
187 creatures vanquished.

Notes
Turn   | Place    | Note
-------+----------+-------------------------------------------
     0 | D:1      | Almogavar the Deep Elf Conjurer began the quest for the
                  | Orb.
     0 | D:1      | Reached XP level 1. HP: 10/10 MP: 6/6
   256 | D:1      | Reached XP level 2. HP: 14/15 MP: 5/8
   262 | D:1      | Learned a level 2 spell: Searing Ray
   755 | D:1      | Reached skill level 5 in Conjurations
   981 | D:2      | Reached XP level 3. HP: 19/19 MP: 5/9
  1693 | D:2      | Reached XP level 4. HP: 24/24 MP: 6/11
  1797 | D:2      | Reached skill level 4 in Spellcasting
  2002 | D:3      | Reached XP level 5. HP: 19/28 MP: 8/14
  2126 | D:3      | Reached skill level 5 in Spellcasting
  2303 | D:3      | Found an ornate altar of the Wu Jian Council.
  2303 | D:3      | Noticed Terence
  2314 | D:3      | Killed Terence
  2475 | D:3      | Found a snail-covered altar of Cheibriados.
  2486 | D:3      | Noticed Natasha
  2488 | D:3      | Killed Natasha
  2924 | D:3      | Found a runed translucent door.
  2925 | D:3      | Noticed Crazy Yiuf
  2978 | D:3      | Noticed Natasha
  2980 | D:3      | Killed Natasha
  2981 | D:3      | Reached XP level 6. HP: 32/32 MP: 12/16
  3091 | D:3      | Noticed Natasha
  3095 | D:3      | Killed Natasha
  3096 | D:3      | Reached skill level 6 in Spellcasting
  3208 | D:3      | Killed Crazy Yiuf
  3244 | D:3      | Learned a level 4 spell: Iskenderun's Mystic Blast
  3382 | D:4      | Found a sparkling altar of Nemelex Xobeh.
  3386 | D:4      | Became a worshipper of Nemelex Xobeh the Trickster
  3482 | D:4      | Reached skill level 1 in Translocations
  3941 | D:4      | Reached skill level 7 in Spellcasting
  3941 | D:4      | Reached XP level 7. HP: 26/37 MP: 8/19
  4251 | D:4      | Found a white marble altar of Elyvilon.
  4463 | D:4      | Found a glowing silver altar of Zin.
  4463 | D:4      | Found a bloodstained altar of Trog.
  4470 | D:4      | Found a hide-covered altar of Uskayaw.
  4472 | D:4      | Found a faded altar of an unknown god.
  4474 | D:4      | Found a faded altar of an unknown god.
  4507 | D:5      | Entered Level 5 of the Dungeon
  5727 | D:5      | Reached * piety under Nemelex Xobeh
  5887 | D:5      | HP: 1/37 [centaur/arrow (1)]
  5891 | D:5      | Found Xery's General Store.
  6174 | D:5      | Reached skill level 8 in Spellcasting
  6344 | D:5      | Found a shadowy altar of Dithmenos.
  6350 | D:5      | Found a radiant altar of Vehumet.
  6351 | D:5      | Received a gift from Nemelex Xobeh
  6355 | D:5      | Found a glowing golden altar of the Shining One.
  6426 | D:6      | Reached XP level 8. HP: 42/42 MP: 16/22
  6539 | D:6      | Found Saec's Book Emporium.
  6581 | D:6      | Noticed Blork the orc
  6589 | D:6      | Killed Blork the orc
  6742 | D:6      | Reached skill level 9 in Spellcasting
  6870 | D:6      | Found a staircase to the Ecumenical Temple.
  7102 | D:6      | Reached ** piety under Nemelex Xobeh
  7687 | D:7      | Reached skill level 10 in Spellcasting
  7687 | D:7      | Reached XP level 9. HP: 46/46 MP: 18/25
  8099 | D:7      | Found a runed translucent door.
  8100 | D:7      | Found a runed translucent door.
  8101 | D:7      | Found a runed translucent door.
  8150 | D:7      | Reached skill level 5 in Stealth
  8169 | D:7      | Noticed Menkaure
  8171 | D:7      | Killed Menkaure
  8478 | D:7      | Reached skill level 1 in Fighting
  8677 | D:7      | Noticed Pikel
  8688 | D:7      | Killed Pikel
  8689 | D:7      | Reached skill level 11 in Spellcasting
  8689 | D:7      | Reached skill level 10 in Conjurations
  8891 | D:7      | Noticed Dowan
  8892 | D:7      | Noticed Duvessa
  8901 | D:7      | Killed Dowan
  8905 | D:7      | Killed Duvessa
  9081 | D:7      | Noticed a two-headed ogre
  9090 | D:7      | Killed a two-headed ogre
  9091 | D:7      | Reached skill level 5 in Dodging
  9091 | D:7      | Reached skill level 12 in Spellcasting
  9091 | D:7      | Reached XP level 10. HP: 22/52 MP: 8/28
  9270 | D:7      | Noticed a cyclops
  9287 | D:7      | Hit by a large rock thrown by a cyclops

Illustrated notes

Levels and vault maps discovered:
D:1:      amcnicky_arrival_abandoned_market, layout_basic
D:2:      cheibrodos_helix_gallery, layout_basic, minmay_pentomino_x4
D:3:      layout_loops_ring, lemuel_crystal_altar, cheibriados_altar_1,
          uniq_terence, uniq_crazy_yiuf_cottage, uniq_natasha
D:4:      cheibrodos_quashed, layout_basic, chequers_temple_overflow_minitemple,
          lemuel_crystal_altar, lemuel_crystal_altar
D:5:      layout_basic, minmay_overflow_temple_star_quad, serial_shops,
          nicolae_shop_statue_plus, minmay_misc_feat_hallway
D:6:      layout_cave_pools, minmay_temple_entry_hall, serial_shops,
          kennysheep_little_box, minivault_1, uniq_blork_the_orc
D:7:      minmay_the_grid_triangle_9x9_rhombus_full
          [minmay_the_grid_triangle_9x9_fully_insulated_deathbox,
          minmay_the_grid_triangle_9x9_wacky_v,
          minmay_the_grid_triangle_9x9_descending_squares,
          minmay_the_grid_triangle_9x9_warning,
          minmay_the_grid_triangle_9x9_cache,
          minmay_the_grid_triangle_9x9_steps,
          minmay_the_grid_triangle_9x9_sprig,
          minmay_the_grid_triangle_9x9_prize_insulated], layout_loops_ring,
          serial_glass, glass_columns_a, glass_columns_a, uniq_menkaure,
          uniq_duvessa, uniq_pikel

Skill      XL: |  1  2  3  4  5  6  7  8  9 |
---------------+----------------------------+-----
Conjurations   | 5 6 7 8 10 | 10.9
Spellcasting   | 4 5 7 8 10 12 | 12.3
Stealth        | 3 4 5 |  5.8
Translocations | 1 2 4 |  4.5
Dodging        | 3 5 |  5.1
Fighting       | 1 |  1.6

Action                   |  1- 3 |  4- 6 |  7- 9 | 10-12 || total
-------------------------+-------+-------+-------+-------++-------
Melee: Staff             |       |       |     1 |       ||     1
 Cast: Magic Dart        |    65 |    30 |    66 |     2 ||   163
       Searing Ray       |     7 |    27 |    68 |     7 ||   109
       Iskenderun's Myst |       |       |     8 |     1 ||     9
  Use: Scroll            |       |     1 |     6 |       ||     7
       Potion            |       |       |     3 |       ||     3
Armor: Robe              |     2 |     1 |     8 |       ||    11
Dodge: Dodged            |     1 |     7 |    40 |     2 ||    50
